 Dungeon Crawl Stone Soup version 0.29.1-2-gbd0b4ee654 (webtiles) character file.

Game seed: 3413282952886540046

27 leafyfresh the Changer (level 3, 0/23 HPs)
             Began as an Octopode Transmuter on Nov 6, 2022.
             Killed by divine providence
             ... invoked by an orc priest
              (11 damage)
             ... on level 3 of the Dungeon.
             The game lasted 00:01:51 (1591 turns).

leafyfresh the Changer (Octopode Transmuter)        Turns: 1591, Time: 00:01:51

Health: 0/23       AC:  2    Str:  9    XL:     3   Next: 10%
Magic:  3/6        EV: 19    Int: 15    God:
Gold:   63         SH:  0    Dex: 19    Spells: 2/6 levels left

rFire   + . .      SeeInvis +     - Unarmed
rCold   . . .      Faith    .   (shield currently unavailable)
rNeg    . . .      Spirit   .   (helmet currently unavailable)
rPois   x          Reflect  .   (no amulet)
rElec   .          Harm     .   e - ring of protection from fire
rCorr   .          Rampage  .   f - ring of see invisible
Will    .....                   (no ring)
Stlth   ++........              (no ring)
HPRegen 0.07/turn               (no ring)
MPRegen 0.10/turn               (no ring)
                                (no ring)
                                (no ring)

@: spider-form (expiring)
A: venomous fangs, almost no armour, (amphibious), 8 rings, tiny, (camouflage
1), (gelatinous body 1), (nimble swimmer 1), (tentacles)
a: End Transformation


You were on level 3 of the Dungeon.
You were a venomous arachnid creature.
You visited 1 branch of the dungeon, and saw 3 of its levels.

You collected 83 gold pieces.
You spent 20 gold pieces at shops.

Inventory:

Jewellery
 e - a ring of protection from fire (left front leg)
 f - a ring of see invisible (right front leg)
Scrolls
 b - a scroll of enchant armour {unknown}
 c - a scroll of enchant weapon
 g - a scroll of teleportation {unknown}
 j - a scroll of identify
Potions
 a - a potion of lignification
 d - a potion of attraction {unknown}
 h - a potion of brilliance
 i - a potion of ambrosia {unknown}


   Skills:
 - Level 1.0 Fighting
 - Level 2.0 Dodging
 - Level 3.0 Unarmed Combat
 - Level 2.0 Spellcasting
 + Level 3.5 Transmutations


You had 2 spell levels left.
You knew the following spells:

 Your Spells              Type           Power      Damage    Failure   Level
a - Beastly Appendage     Tmut           24%        N/A       16%         1
b - Spider Form           Tmut/Pois      6%         N/A       54%         3

Your spell library contained the following spells:

 Spells                   Type           Power      Damage    Failure   Level
 Wereblood                Tmut           12%        N/A       21%         2
 Frozen Ramparts          Ice            2%         1d1       75%         3
 Ice Form                 Ice/Tmut       6%         N/A       87%         4
 Summon Ice Beast         Ice/Summ       1%         N/A       98%         4


Dungeon Overview and Level Annotations

Branches:
Dungeon (3/15)

Altars:

Shops:
D:1 ?


Innate Abilities, Weirdness & Mutations

You are a venomous arachnid creature.
You have poisonous fangs.
You are tiny and dextrous.
Your spellcasting is less reliable in this form.
Your armour is entirely melded.
You are incapable of wielding weapons or throwing items.
You cannot wear most types of armour.
((You are amphibious.))
You can wear up to eight rings at the same time.
((Your skin changes colour to match your surroundings (Stealth+).))
((Your rubbery body absorbs attacks. (AC +1, EV +1)))
((You are camouflaged when in or above water. (Stealth+)))
((You have tentacles for arms and can constrict up to eight enemies at once.))


Message History

Okay, then.
Unknown command.
Unknown command.
Your tentacle spike disappears.
An orc comes into view. It is wielding a +0 dagger.
An orc is nearby!
An orc comes into view. It is wielding a +0 flail.
Found a stone staircase leading down.
An orc priest comes into view. It is wielding a +0 dagger.
The orc moves out of view.
There are monsters nearby!
Casting: Beastly Appendage (safe; 5% risk of failure)
Confirm with . or Enter, or press ? or * to list all spells.
The spell is extremely dangerous to miscast (32% risk of failure)!
Continue anyway?
You turn into a venomous arachnid creature.
The orc shouts!
The orc priest shouts!
You hear a shout!
The orc barely misses you.
Unknown command.
You hit the orc.
The orc is poisoned.
The orc is almost dead.
You kill the orc!
A dart slug comes into view.
Your transformation is almost over.
The orc priest hits you with a +0 dagger.
An orc comes into view. It is wielding a +0 trident.
Items here: $ ) [ †.
The orc shouts!
You hit the orc priest.
The orc priest is poisoned.
The orc priest is lightly wounded.
The orc priest hits you with a +0 dagger.
The orc hits you with a +0 flail.
You are too injured to fight recklessly!
You are too injured to fight recklessly!
You are too injured to fight recklessly!
You hit the orc priest.
The orc priest looks as sick as possible!
The orc priest is heavily wounded.
The orc priest calls down the wrath of Beogh upon you.
Beogh smites you!
You die...

#####+[..8.#
#.#P...#
#.#.8P.#
#.#P...#
#.##.### .
#.##)# ...
#.#.)#
#o.w#o#.##
#>.os.#
#.#.### #.
#. #. #. #.
#.


You could see an orc priest (extremely poisoned), a dart slug and 2 orcs.

Vanquished Creatures
  A dart slug (D:1)
  3 orcs (D:3)
  An endoplasm (D:1)
  2 giant cockroaches (D:1)
  2 goblins (D:1)
  2 hobgoblins (D:1)
  A kobold (D:1)
  A quokka (D:1)
  2 bats (D:1)
  3 frilled lizards (D:1)
  3 rats (D:1)
21 creatures vanquished.

Notes
Turn   | Place    | Note
-------+----------+-------------------------------------------
     0 | D:1      | leafyfresh the Octopode Transmuter began the quest for the
                  | Orb.
     0 | D:1      | Reached XP level 1. HP: 13/13 MP: 3/3
   176 | D:1      | Reached XP level 2. HP: 16/18 MP: 0/5
   333 | D:1      | Found Ceor's Magic Scroll Shop.
   344 | D:1      | Bought a scroll of identify for 20 gold pieces
   531 | D:1      | Found a faded altar of an unknown god.
  1486 | D:2      | You fall into a shaft and drop 1 floor!
  1572 | D:3      | Reached XP level 3. HP: 18/23 MP: 4/6
  1576 | D:3      | Learned a level 3 spell: Spider Form
  1591 | D:3      | Killed from afar by an orc priest

Illustrated notes

Levels and vault maps discovered:
D:1:      erik_arrival_triangle_medium, layout_rooms, serial_forest,
          infiniplex_forest_straight_3, infiniplex_forest_lined_4_way,
          infiniplex_forest_clump_small, infiniplex_forest_lined_3,
          infiniplex_forest_clump_long, infiniplex_forest_zigzag_1,
          infiniplex_forest_clump_curved, hellmonk_ecumenical_altar_zigzags,
          serial_shops, shop
D:2:      layout_loops_cross, st_stairs_6, minmay_randomly_rotated_circles,
          uniq_sigmund, uniq_terence
D:3:      layout_basic, serial_undead, serial_undead_c, serial_undead_f,
          serial_undead_a, serial_undead_f, serial_undead_e, minmay_box_of_dots

Skill      XL: |  1  2 |
---------------+-------+-----
Transmutations | 3 |  3.5
Fighting       | |  1.0
Dodging        | |  2.0
Unarmed Combat | |  3.0
Spellcasting   | |  2.0

Action                   || total
-------------------------++-------
Melee: Unarmed           ||    38
       Constrict         ||    11
       Kick              ||     7
       Tentacles         ||     8
 Cast: Beastly Appendage ||     7
       Spider Form       ||     1
  Use: Scroll            ||     2
 Stab: Sleeping          ||     1
Armor: Skin              ||     1
Dodge: Dodged            ||    19
